 Dungeon Crawl Stone Soup version 0.24.0-1-gfbc8707 (webtiles) character file.

Game seed: 2142782879502026632, levelgen mode: deterministic

39 peanutter the Insei (level 3, 0/24 HPs)
             Began as an Octopode Transmuter on Dec 5, 2019.
             Succumbed to an adder's poison
             ... on level 2 of the Dungeon.
             The game lasted 00:04:30 (1335 turns).

peanutter the Insei (Octopode Transmuter)           Turns: 1335, Time: 00:04:31

Health: 0/24       AC:  1    Str:  7 (9)  XL:     3   Next: 47%
Magic:  6/6        EV: 13    Int: 14 (16) God:
Gold:   79         SH:  0    Dex: 10 (12) Spells: 3/6 levels left

rFire    . . .     SeeInvis .     - Unarmed
rCold    . . .     Gourm    .   (no shield)
rNeg     . . .     Faith    .   (helmet restricted)
rPois    .         Spirit   .   (no amulet)
rElec    .         Reflect  .   (no ring)
rCorr    .         Harm     .   (no ring)
MR       .....                  (no ring)
Stlth    ++........             (no ring)
HPRegen  0.08/turn              (no ring)
MPRegen  0.10/turn              (no ring)
                                (no ring)
                                (no ring)

@: lethally poisoned (0 -> -6)
A: almost no armour, stealthy swim, amphibious, 8 rings, constrict 8, camouflage
1, gelatinous body 1
a: no special abilities


You were on level 2 of the Dungeon.
You were not hungry.

You visited 1 branch of the dungeon, and saw 3 of its levels.

You collected 79 gold pieces.

Inventory:

Missiles
 a - 12 arrows
Scrolls
 b - a scroll of remove curse
 f - a scroll of identify
 g - a scroll of enchant weapon
Comestibles
 c - 6 rations


   Skills:
 + Level 1.7 Fighting
 + Level 2.4 Dodging
 * Level 3.7 Unarmed Combat
 - Level 2.0 Spellcasting
 + Level 2.1 Transmutations


You had 3 spell levels left.
You knew the following spells:

 Your Spells              Type           Power        Failure   Level  Hunger
a - Beastly Appendage     Tmut           #.....       10%         1    ##.....
b - Sticks to Snakes      Tmut           #.......     16%         2    ###....

Your spell library contained the following spells:

 Spells                   Type           Power        Failure   Level  Hunger
 Spider Form              Tmut/Pois      #.........   43%         3    ####...
 Ice Form                 Ice/Tmut       #.......     83%         4    #####..
 Blade Hands              Tmut           #.........   95%         5    ######.


Dungeon Overview and Level Annotations

Branches:
Dungeon (3/15)

Altars:
Fedhas


Innate Abilities, Weirdness & Mutations

You cannot wear most types of armour.
You are very stealthy in the water. (Stealth+)
You are amphibious.
You can wear up to eight rings at the same time.
You can use your tentacles to constrict eight enemies at once.
Your skin changes colour to match your surroundings (Stealth+).
Your rubbery body absorbs attacks. (AC +1, EV +1)


Message History

You feel weakened.
You feel dopey.
You feel clumsy.
You constrict the adder.
* * * LOW HITPOINT WARNING * * *
You feel sick. The adder barely misses you.
You tentacle-slap the adder.
You kill the adder!
* * * LOW HITPOINT WARNING * * *
You feel sick.
As you read the scroll labeled MANOSESOAPS, it crumbles to dust.
You feel blessed for a moment.
It was a scroll of remove curse.
* * * LOW HITPOINT WARNING * * *
You feel sick.
* * * LOW HITPOINT WARNING * * *
You feel sick.
As you read the scroll labeled SYLEMN APEAXIL, it crumbles to dust.
It is a scroll of identify.
g - a scroll of enchant weapon
* * * LOW HITPOINT WARNING * * *
You feel sick.
You die...

###### #...[## #.....#
#.P.P.# ####.._..#
##....P.P.#
#######..##@....#
........###.....###########
##.......##....<##........#
#.......######..#........#
#.......# #...........#
.........# ##...........#
##.......# #....#.......##
#.......# #..#..........#
######### #..#...........


There were no monsters in sight!

Vanquished Creatures
  An adder (D:2)
  A dart slug (D:1)
  A leopard gecko (D:1)
  2 giant cockroaches (D:1)
  3 goblins (D:1)
  5 hobgoblins
  5 kobolds (D:1)
  A quokka (D:2)
  3 frilled lizards
  4 rats
26 creatures vanquished.

Notes
Turn   | Place    | Note
-------+----------+-------------------------------------------
     0 | D:1      | peanutter the Octopode Transmuter began the quest for the
                  | Orb.
     0 | D:1      | Reached XP level 1. HP: 13/13 MP: 3/3
   152 | D:1      | Reached XP level 2. HP: 15/18 MP: 3/5
   672 | D:1      | Reached XP level 3. HP: 21/23 MP: 6/6
   684 | D:1      | Learned a level 2 spell: Sticks to Snakes
  1095 | D:2      | You fall into a shaft and drop 1 floor!
  1308 | D:2      | Found a blossoming altar of Fedhas.
  1333 | D:2      | HP: 1/24 [poisoned by an adder]
  1335 | D:2      | Succumbed to an adder's poison

Levels and vault maps discovered:
D:1:      tarquinn_simple_flora_water_f, layout_basic, roderic_lattice_a
D:2:      layout_rooms, fedhas_altar_1
D:3:      layout_loops_ring, nemelex_xobeh_ov_fountains_minmay,
          ebering_ghost_rock_garden

Action                   || total
-------------------------++-------
Melee: Unarmed           ||    61
       Constrict         ||    15
       Tentacles         ||    15
       Kick              ||     1
 Cast: Beastly Appendage ||     1
  Use: Scroll            ||     2
       Potion            ||     1
 Stab: Sleeping          ||     4
  Eat: Chunk             ||     1
Armor: Skin              ||     3
Dodge: Dodged            ||    28
